 Dungeon Crawl Stone Soup version 0.25.0-37-gb73750e0fb (webtiles) character file.

Game seed: 7828576718790978410

77 Ethylacetat the Sneak (level 4, 0/30 HPs)
             Began as an Octopode Assassin on July 8, 2020.
             Slain by a jackal (2 damage)
             ... on level 2 of the Dungeon.
             The game lasted 00:02:27 (1578 turns).

Ethylacetat the Sneak (Octopode Assassin)           Turns: 1578, Time: 00:02:27

Health: 0/30       AC:  1    Str: 11    XL:     4   Next: 33%
Magic:  4/4        EV: 13    Int: 13    God:
Gold:   60         SH:  0    Dex: 13    Spells: 3/3 levels left

rFire    . . .     SeeInvis .   a - +2 dagger
rCold    . . .     Gourm    .   (no shield)
rNeg     . . .     Faith    .   (helmet restricted)
rPois    .         Spirit   .   (no amulet)
rElec    .         Reflect  .   (no ring)
rCorr    .         Harm     .   (no ring)
MR       .....                  (no ring)
Stlth    ++++......             (no ring)
HPRegen  0.10/turn              (no ring)
MPRegen  0.09/turn              (no ring)
                                (no ring)
                                (no ring)

@: no status effects
A: almost no armour, stealthy swim, amphibious, 8 rings, constrict 8, camouflage
1, gelatinous body 1
a: no special abilities


You were on level 2 of the Dungeon.
You were not hungry.

You visited 1 branch of the dungeon, and saw 2 of its levels.

You collected 60 gold pieces.

Inventory:

Hand Weapons
 a - a +2 dagger (weapon)
Missiles
 b - 8 poisoned darts (quivered)
 c - 2 curare-tipped darts
Scrolls
 h - a scroll of teleportation {unknown}
 j - a scroll of blinking {unknown}
 k - a scroll of remove curse {unknown}
Potions
 e - 2 potions of berserk rage {unknown}
 g - a potion of resistance {unknown}
 i - a potion of mutation {unknown}
Comestibles
 d - 5 rations
 f - 7 chunks of flesh


   Skills:
 + Level 2.9 Fighting
 * Level 3.8 Short Blades
 - Level 2.0 Throwing
 - Level 1.0 Dodging
 - Level 5.3 Stealth


You had 3 spell levels left.
You didn't know any spells.
Your spell library was empty.

Dungeon Overview and Level Annotations

Branches:
Dungeon (2/15)

Altars:
Okawaru
Uskayaw
Wu Jian


Innate Abilities, Weirdness & Mutations

You cannot wear most types of armour.
You are very stealthy in the water. (Stealth+)
You are amphibious.
You can wear up to eight rings at the same time.
You can use your tentacles to constrict eight enemies at once.
Your skin changes colour to match your surroundings (Stealth+).
Your rubbery body absorbs attacks. (AC +1, EV +1)


Message History

You kill the jackal!
The jackal bites you.
* * * LOW HITPOINT WARNING * * *
The jackal barely misses you. x2; The jackal misses you.
The jackal bites you but does no damage.
The jackal closely misses you.
You closely miss the jackal. You grab the jackal.
You constrict the jackal, but do no damage.
The jackal escapes!
You hit the jackal.
You kill the jackal!
The jackal closely misses you. The jackal misses you.
You closely miss the jackal. Your grab misses the jackal.
The jackal bites you but does no damage.
The jackal barely misses you.
You hit the jackal but do no damage. You grab the jackal.
You squeeze the jackal, but do no damage.
You constrict the jackal, but do no damage.
The jackal bites you.
You die...

### #..
###.# #...#
#...# #...#
# #.h@#.#
###h#.####
#..h†....#
#........#
#........#
#..........
#........[.
#..........
#..........


You could see 3 jackals.

Vanquished Creatures
  An adder (D:2)
  A worm (D:2)
  3 dart slugs (D:1)
  2 leopard geckos (D:1)
  3 bats (D:1)
  A giant cockroach (D:1)
  4 goblins
  5 hobgoblins
  15 jackals
  3 kobolds (D:1)
  A quokka (D:2)
  4 frilled lizards (D:1)
  6 rats (D:1)
49 creatures vanquished.

Notes
Turn   | Place    | Note
-------+----------+-------------------------------------------
     0 | D:1      | Ethylacetat the Octopode Assassin began the quest for the
                  | Orb.
     0 | D:1      | Reached XP level 1. HP: 14/14 MP: 1/1
    71 | D:1      | Reached XP level 2. HP: 5/19 MP: 2/2
   508 | D:1      | Reached XP level 3. HP: 25/25 MP: 3/3
  1516 | D:2      | Found an iron altar of Okawaru.
  1518 | D:2      | Found a hide-covered altar of Uskayaw.
  1520 | D:2      | Found an ornate altar of the Wu Jian Council.
  1526 | D:2      | Reached XP level 4. HP: 30/30 MP: 4/4
  1578 | D:2      | Slain by a jackal

Illustrated notes

Levels and vault maps discovered:
D:1:      eino_arrival_cavern_e, layout_basic
D:2:      layout_basic, tso_metal_star, grunt_temple_overflow_open,
          chequers_ecumenical_altar_simple_redux

Skill      XL: |  1  2 |
---------------+-------+-----
Short Blades   | 3 |  3.8
Fighting       | |  2.9
Throwing       | |  2.0
Dodging        | |  1.0
Stealth        | |  5.3

Action                   |  1- 3 |  4- 6 || total
-------------------------+-------+-------++-------
Melee: Dagger            |    89 |    19 ||   108
       Constrict         |    20 |     6 ||    26
       Tentacles         |    13 |     3 ||    16
 Stab: Sleeping          |    14 |     1 ||    15
  Eat: Chunk             |     2 |       ||     2
Armor: Skin              |     6 |     4 ||    10
Dodge: Dodged            |    44 |    35 ||    79
